 Dungeon Crawl Stone Soup version 0.29.1-15-g9cfb28693d (webtiles) character file.

Game seed: 17353772825343613951

513 protoss039 the Digger (level 7, 53/53 HPs)
             Began as a Demonspawn Earth Elementalist on Mar 29, 2023.
             Got out of the dungeon alive.
             The game lasted 00:09:06 (5487 turns).

protoss039 the Digger (DsEE)                        Turns: 5487, Time: 00:09:06

Health: 53/53      AC:  6    Str:  8    XL:     7   Next: 0%
Magic:  12/12      EV: 10    Int: 19    God:
Gold:   314        SH:  0    Dex: 19    Spells: 9/12 levels left

rFire   . . .      SeeInvis .   f - staff of cold
rCold   + . .      Faith    .   (no shield)
rNeg    + . .      Spirit   .   c - +0 ring mail
rPois   .          Reflect  .   (no helmet)
rElec   .          Harm     .   (no cloak)
rCorr   .          Rampage  .   (no gloves)
Will    .....                   x - +0 pair of boots
Stlth   ++........              (no amulet)
HPRegen 0.17/turn               t - ring of positive energy
MPRegen 0.13/turn               z - +6 ring of dexterity

@: no status effects
A: claws 1, hooves 1, powered by death 1
a: no special abilities


You escaped.
You visited 1 branch of the dungeon, and saw 6 of its levels.

You collected 314 gold pieces.

Inventory:

Missiles
 d - 10 poisoned darts
Armour
 c - a +0 ring mail (worn)
 x - a +0 pair of boots (worn)
Magical Staves
 f - a staff of cold (weapon)
Jewellery
 t - a ring of positive energy (left claw)
 z - a +6 ring of dexterity (right claw)
Wands
 s - a wand of flame (8)
 y - a wand of charming (7)
Scrolls
 a - 2 scrolls of immolation {unknown}
 e - 2 scrolls of identify
 g - 3 scrolls of poison {unknown}
 h - a scroll of blinking {unknown}
 k - 2 scrolls of teleportation {unknown}
 n - 2 scrolls of amnesia
 o - a scroll of enchant weapon {unknown}
 q - 3 scrolls of fear {unknown}
 r - a scroll of enchant armour {unknown}
 w - a scroll of summoning {unknown}
Potions
 b - 2 potions of magic
 i - 4 potions of curing
 j - a potion of berserk rage
 l - 2 potions of heal wounds {unknown}
 m - a potion of degeneration {unknown}
 p - a potion of resistance {unknown}
 u - 2 potions of lignification {unknown}
 v - a potion of might {unknown}


   Skills:
 * Level 3.9 Fighting
 * Level 3.1 Armour
 - Level 1.7 Dodging
 - Level 1.7 Stealth
 + Level 3.3 Spellcasting
 - Level 1.0 Transmutations
 + Level 4.0 Earth Magic
 - Level 1.0 Evocations


You had 9 spell levels left.
You knew the following spells:

 Your Spells              Type           Power      Damage    Failure   Level
a - Sandblast             Erth           36%        2d10      9%          1
b - Passwall              Tmut/Erth      10%        N/A       22%         2

Your spell library contained the following spells:

 Spells                   Type           Power      Damage    Failure   Level
 Beastly Appendage        Tmut           14%        N/A       28%         1
 Wereblood                Tmut           7%         N/A       38%         2
 Stone Arrow              Conj/Erth      20%        3d8       50%         3
 Sublimation of Blood     Necr           3%         N/A       54%         2
 Spider Form              Tmut/Pois      5%         N/A       71%         3
 Confusing Touch          Hex            3%         N/A       77%         3
 Portal Projectile        Hex/Tloc       6%         N/A       77%         3
 Tukima's Dance           Hex            3%         N/A       77%         3
 Petrify                  Tmut/Erth      12%        N/A       83%         4
 Blade Hands              Tmut           3%         N/A       100%        5
 Yara's Violent Unravell  Hex/Tmut       2%         3d3       100%        5
 Enfeeble                 Hex            1%         N/A       100%        7
 Summon Hydra             Summ           1%         N/A       100%        7


Dungeon Overview and Level Annotations

Branches:
Dungeon (6/15) Zot: 26711
 Temple: D:4-7

Altars:
Cheibriados
Fedhas
Kikubaaqudgha
Ru
Uskayaw
Wu Jian

Shops:
D:2 (


Innate Abilities, Weirdness & Mutations

You have sharp fingernails.
You have large cloven feet.
You regenerate a little health from kills.


Message History

You have reached level 7!
Your demonic ancestry asserts itself...
Your feet thicken and deform.
You start resting.
Your magical contamination has completely faded away.
Unknown command.
(D) Dungeon
Where to? (Enter - D:5 @ (x,y), ? - help)
What level of the Dungeon? (default 1, ? - help) Magic restored.
There is a stone staircase leading up here.
You climb upwards.
There is a stone staircase leading down here.
There is an open door here.
There is a stone staircase leading up here.
You climb upwards.
There is a stone staircase leading down here.
There is a stone staircase leading up here.
You climb upwards.
There is a stone staircase leading down here.
There is an escape hatch in the ceiling here.
You see here a +0 sling.
There is a stone staircase leading up here.
You climb upwards.
There is a stone staircase leading down here.
There is a stone staircase leading up here.
You climb upwards.
There is a stone staircase leading down here.
You enter the shallow water.
Moving in this stuff is going to be slow.
You enter the shallow water.
Moving in this stuff is going to be slow.
You enter the shallow water.
Moving in this stuff is going to be slow.
There is a large open door here.
There is a large open door here.
There is a large open door here.
There is a staircase leading out of the dungeon here.
Are you sure you want to leave the Dungeon?
This will make you lose the game!
You have escaped!

###..#......~~~~~~~~~~~~≈~~~~~..
##.####...~..8..........8..~..
#....####~.##############.~..
####..###~8#.#.§≈.#~~~~~#8~##
##....~.#.#.≈≈.#~..[~#.~..
####.~.#.#.≈≈.#~.#.~#.~..
########...~.#.#.≈≈.#~.#.~#8~..
#.........#~.#.#.§§.#~.#.~#.~..
###..........~.#@'....'..#..'...#
#>..........#~.#.'....'..#..'....
..#.[......[#~.#.#.§≈.#~.#.~#.~..
.............~.#.#.≈≈.#~.#.~#8~##
.............~.#.#.≈≈.#~.#.~#.~##
....######...~.#.#.≈≈.#~...~#.~..
.............~8#.#.§≈.#~~~~~#8~##
..########...~.##############.~..
.## ######...~..8..........8..~##


There were no monsters in sight!

Vanquished Creatures
  An ice beast (D:5)
  An ogre (D:5)
  A jelly (D:6)
  2 hounds (D:5)
  An orc priest (D:5)
  2 iguanas (D:5)
  4 gnolls (D:4)
  7 adders
  A white imp (D:6)
  An ufetubus (D:5)
  4 dart slugs
  3 orcs
  6 endoplasms
  5 giant cockroaches
  4 goblins
  2 hobgoblins
  A kobold (D:4)
  2 quokkas
  6 ball pythons
  4 bats
  A frilled lizard (D:2)
  4 rats
63 creatures vanquished.

Notes
Turn   | Place    | Note
-------+----------+-------------------------------------------
     0 | D:1      | protoss039 the Demonspawn Earth Elementalist began the
                  | quest for the Orb.
     0 | D:1      | Reached XP level 1. HP: 13/13 MP: 3/3
    82 | D:1      | Found a faded altar of an unknown god.
   406 | D:1      | Discovered your monstrous ancestry.
   406 | D:1      | Gained mutation: You have sharp fingernails. [demonic
                  | ancestry]
   406 | D:1      | Reached XP level 2. HP: 14/20 MP: 1/5
   519 | D:1      | Reached skill level 1 in Fighting
   638 | D:1      | You fall into a shaft and drop 1 floor!
   650 | D:2      | Found Haxzeut's Weapon Shop.
   713 | D:2      | Reached skill level 3 in Earth Magic
  1051 | D:1      | Learned a level 2 spell: Passwall
  1312 | D:2      | Gained mutation: You regenerate a little health from kills.
                  | [demonic ancestry]
  1312 | D:2      | Reached XP level 3. HP: 26/26 MP: 3/6
  1312 | D:2      | Found Aptafiow's Antique Armour Shop.
  1715 | D:3      | Reached skill level 1 in Transmutations
  1988 | D:3      | Found an ornate altar of the Wu Jian Council.
  2003 | D:3      | Reached XP level 4. HP: 33/33 MP: 5/7
  2170 | D:3      | Found a snail-covered altar of Cheibriados.
  2181 | D:3      | Reached skill level 1 in Armour
  2528 | D:4      | Noticed a +0 hand axe
  2528 | D:4      | Noticed a +0 dagger
  2531 | D:4      | Found a hide-covered altar of Uskayaw.
  2535 | D:4      | Found a blossoming altar of Fedhas.
  3072 | D:4      | Reached XP level 5. HP: 39/39 MP: 7/9
  3372 | D:4      | Found an ancient bone altar of Kikubaaqudgha.
  3558 | D:5      | Entered Level 5 of the Dungeon
  3616 | D:5      | Reached skill level 1 in Evocations
  3983 | D:5      | Found a sacrificial altar of Ru.
  4013 | D:5      | Noticed an ice beast
  4029 | D:5      | Killed an ice beast
  4030 | D:5      | Reached XP level 6. HP: 37/47 MP: 6/10
  4968 | D:5      | Reached skill level 4 in Earth Magic
  5294 | D:6      | Gained mutation: You have large cloven feet. [demonic
                  | ancestry]
  5294 | D:6      | Reached XP level 7. HP: 53/53 MP: 6/12
  5487 | D:$      | Got out of the dungeon alive.

Illustrated notes

Levels and vault maps discovered:
D:1:      lightli_arrival_isolated_outpost, layout_rooms,
          dreamdust_ecumenical_altar_angels_and_demons, minmay_misc_feat_roman
D:2:      layout_loops_ring, serial_shops, shop, nicolae_diamond_shop,
          grunt_decor_one_mirror, kennysheep_cross_bottleneck
D:3:      layout_rooms, mainiacjoe_overflow_24_doors,
          mainiacjoe_overflow_concentric_impassable
D:4:      layout_loops_ring, dancing_weapons_uskayaw,
          nicolae_kikubaaqudgha_miasma_corner, mainiacjoe_overflow_chevrons
D:5:      layout_basic, mainiacjoe_overflow_tiny_flanked
D:6:      layout_basic, uniq_menkaure

Skill      XL: |  1  2  3  4  5  6 |
---------------+-------------------+-----
Fighting       | 1 2 3 |  3.9
Earth Magic    | 3 4 |  4.0
Transmutations | 1 |  1.0
Armour         | 1 2 3 |  3.1
Evocations     | 1 |  1.0
Spellcasting   | 3 |  3.3
Dodging        | |  1.7
Stealth        | |  1.7

Action                   |  1- 3 |  4- 6 |  7- 9 || total
-------------------------+-------+-------+-------++-------
Melee: Staff             |    32 |     9 |       ||    41
 Cast: Sandblast         |    41 |    63 |       ||   104
Evoke: Wand              |       |    12 |       ||    12
  Use: Scroll            |       |     3 |       ||     3
       Potion            |       |     1 |       ||     1
Armor: Ring mail         |    20 |    22 |       ||    42
Dodge: Dodged            |    24 |    29 |       ||    53
